AoeStats
← Fazzz7z

Arena

507220330Analyzed
2v2 RM · 15d ago on Sep 17, 2026· 41m 33s· 4 players
Game mode
Random Map
Map size
Medium (4 player)
Population
200
Speed
Normal
Resources
Standard
Victory
Conquest
Starting age
Dark Age
Ending age
Imperial Age
RankedLock teamsTeams togetherTeam positionsShared explorationLock speedFull tech treeHidden civsTurbo modeCheats
Victory
Defeat
🇨🇳 Mongols · China
1667
+3
🇬🇧 Khmer · United Kingdom
1429
+9
🇦🇺 Portuguese · Australia
1328
-7
🇲🇽 Burmese · Mexico
1237
-5
YYQ
9:34 Feudal Age
11:19 Double-Bit Axe
13:58 Castle Age
12:19 Horse Collar
18:47 Bow Saw
19:54 Wheelbarrow
21:45 Heavy Plow
22:31 Stone Mining
25:27 Loom
28:30 Imperial Age
26:19 Hand Cart
26:05 Town Watch
26:11 Fletching
26:15 Gold Mining
26:52 Bodkin Arrow
26:58 Padded Archer Armor
27:09 Bloodlines
27:53 Husbandry
28:49 Gold Shaft Mining
28:31 Leather Archer Armor
29:00 Thumb Ring
29:23 Bracer
30:25 Chemistry
29:50 Ballistics
30:31 Chemistry
30:14 Coinage
31:27 Banking
30:31 Elite Mangudai
32:04 Banking
32:20 Siege Engineers
31:55 Capped Ram
33:02 Siege Ram
36:05 Conscription
36:05 Drill
36:28 Parthian Tactics
37:11 Scale Barding Armor
37:17 Forging
37:11 Light Cavalry
42:23 Iron Casting
42:08 Chain Barding Armor
42:26 Iron Casting
42:16 Chain Barding Armor
42:31 Iron Casting
Fazzz7z
10:04 Feudal Age
11:00 Feudal Age
14:09 Castle Age
12:13 Horse Collar
12:19 Double-Bit Axe
14:32 Light Cavalry
18:46 Loom
20:08 Husbandry
21:27 Bloodlines
28:19 Wheelbarrow
32:49 Imperial Age
30:56 Heavy Plow
31:09 Bow Saw
31:55 Hand Cart
34:00 Fletching
34:11 Padded Archer Armor
34:51 Forging
34:47 Scale Barding Armor
34:36 Hussar
37:11 Town Watch
38:04 Crop Rotation
37:26 Gold Mining
38:14 Ballistics
39:07 Chain Barding Armor
39:22 Iron Casting
40:37 Gold Shaft Mining
39:52 Stone Mining
40:48 Plate Barding Armor
41:36 Chemistry
40:41 Siege Engineers
42:52 Blast Furnace
aje.omar
10:57 Feudal Age
14:56 Castle Age
13:07 Horse Collar
14:52 Scale Mail Armor
15:49 Squires
16:39 Pikeman
19:51 Loom
21:11 Chain Mail Armor
22:12 Forging
25:46 Iron Casting
28:36 Wheelbarrow
32:43 Imperial Age
30:50 Scale Barding Armor
31:54 Chain Barding Armor
32:01 Hand Cart
34:08 Plate Barding Armor
34:34 Blast Furnace
33:14 Cavalier
34:06 Bloodlines
33:57 Husbandry
34:21 Conscription
35:08 Manipur Cavalry
37:58 Fletching
39:24 Bodkin Arrow
39:30 Padded Archer Armor
40:00 Bracer
40:22 Elite Skirmisher
2cheasy
10:45 Feudal Age
10:00 Loom
11:45 Double-Bit Axe
11:54 Gold Mining
12:01 Horse Collar
14:27 Castle Age
19:59 Bow Saw
20:45 Heavy Plow
21:26 Sanctity
21:37 Fervor
23:41 Redemption
27:34 Imperial Age
29:48 Block Printing
33:49 Fletching
36:55 Ballistics
36:54 Bodkin Arrow
39:04 Forging
38:59 Scale Barding Armor
39:03 Murder Holes
40:08 Chemistry
39:55 Bracer
39:55 Padded Archer Armor
41:45 Leather Archer Armor
40:56 Crossbowman
41:41 Thumb Ring
Connection lost

Rejoining the realm…

Still unreachable

The connection could not be restored.

Session expired

The server has moved on; the page needs a fresh start.